Map: Lerilak Crest

Players

INnoVation - Winner!

  • Race: Terran Terran

ZhuGeLiang

  • Race: Zerg Zerg

Event: NationWars III

VOD

Have the link to the VOD?

Description

Time

  • Played on: Dec. 12, 2015, 4:47 p.m.
  • Length: 8:56
Show
View Real Time Build Order
Export as new Build Order

INnoVation Terran - Winner!

Build Orders: Reaper Expand, Bio Tank, MMM Bio, Banshee Rush 

Get SALT Encoding   

  12  0:01  SCV  
  13  0:13  SCV  
  14  0:17  Supply Depot  
  14  0:25  SCV  
  15  0:39  SCV  
  15  0:40  Barracks  
  16  0:44  Refinery  
  16  0:51  SCV  
  17  1:03  SCV  
  18  1:15  SCV  
  19  1:27  Orbital Command  
  19  1:28  Reaper  
  20  1:40  Command Center  
  20  1:49  Supply Depot  
  20  1:53  SCV  
  21  2:00  Marine  
  22  2:05  SCV  
  22  2:07  Factory  
  23  2:16  Refinery  
  23  2:17  SCV  
  23  2:21  Barracks Reactor  
  24  2:29  SCV  
  25  2:42  SCV  
  26  2:53  Starport, Orbital Command  
  26  2:54  SCV  
  27  3:00  Hellion x2  
  31  3:06  SCV  
  31  3:07  Barracks Tech Lab  
  32  3:18  SCV  
  32  3:19  SCV  
  34  3:21  Hellion  
  34  3:22  Hellion  
  38  3:30  SCV  
  38  3:31  SCV  
  40  3:34  Cloaking Field  
  40  3:35  Banshee  
  40  3:36  Supply Depot  
  40  3:37  Barracks Tech Lab  
  42  3:42  SCV  
  42  3:43  SCV  
  42  3:46  Hellion  
  46  3:58  SCV x2  
  46  3:59  Supply Depot  
  50  4:10  SCV x2  
  50  4:18  Banshee  
  50  4:20  Marine  
  50  4:21  Marine  
  50  4:22  SCV x2, Siege Tank  
  50  4:23  Supply Depot  
  58  4:34  SCV x2  
  58  4:36  Command Center  
  60  4:38  Supply Depot  
  60  4:40  Marine x2  
  62  4:46  SCV x2, Refinery  
  62  4:48  Refinery  
  64  4:54  Siege Tank  
  64  4:58  Marine  
  64  4:59  Marine  
  69  5:00  SCV  
  69  5:01  SCV  
  71  5:10  Starport Reactor  
  71  5:11  Barracks  
  71  5:12  SCV  
  71  5:13  SCV, Barracks  
  73  5:17  Marine x2  
  75  5:25  SCV x2  
  77  5:32  Supply Depot  
  77  5:37  Engineering Bay  
  77  5:38  Engineering Bay  
  77  5:41  Marine  
  78  5:47  Siege Tank, Marine  
  78  5:49  SCV x2  
  84  5:50  Supply Depot  
  84  5:52  Orbital Command  
  84  5:59  Barracks Tech Lab  
  84  6:02  Stimpack  
  84  6:03  Barracks  
  84  6:04  Barracks  
  84  6:06  Terran Infantry Weapons Level 1, Terran Infantry Armor Level 1  
  84  6:13  Marine x2  
  84  6:14  Marauder  
  84  6:18  Supply Depot, Marauder  
  90  6:19  Combat Shields  
  90  6:27  SCV x2  
  90  6:28  Medivac x2  
  90  6:30  Orbital Command  
  92  6:36  Marauder, Marine x2  
  92  6:38  Supply Depot  
  92  6:39  Marauder  
  94  6:40  Siege Tank  
  94  6:43  SCV x2  
  99  6:55  SCV x2  
  99  6:57  SCV  
  99  6:59  Marauder, Marine  
  99  7:00  Barracks Reactor, Barracks Tech Lab, Marauder, Marine  
  108  7:04  Medivac  
  108  7:06  Medivac  
  112  7:09  Refinery  
  112  7:13  Refinery, Siege Tank  
  112  7:15  SCV x2  
  117  7:16  SCV  
  117  7:18  Supply Depot  
  117  7:21  Supply Depot  
  118  7:25  Armory  
  118  7:28  SCV  
  118  7:29  SCV x2  
  121  7:31  Marauder x2  
  121  7:34  Marauder  
  124  7:38  Marine  
  124  7:39  Marine  
  124  7:40  Supply Depot, Marine  
  124  7:42  Marine  
  128  7:45  Concussive Shells  
  128  7:48  Siege Tank  
  131  7:54  SCV x3  
  134  8:00  Medivac x2  
  138  8:08  Supply Depot  
  138  8:12  Marauder x3  
  144  8:20  Marine x4  
  144  8:26  Supply Depot  
  149  8:35  Marine, Marauder x2  
Show
View Real Time Build Order
Export as new Build Order

ZhuGeLiang Zerg 

Build Orders: Hatch First 

Get SALT Encoding   

  12  0:01  Drone  
  13  0:12  Overlord  
  13  0:17  Drone  
  14  0:32  Drone x2  
  14  0:35  Drone  
  17  0:54  Hatchery, Drone  
  17  1:08  Spawning Pool  
  17  1:10  Drone  
  17  1:14  Drone  
  17  1:16  Extractor  
  17  1:19  Drone  
  18  1:29  Drone  
  19  1:39  Overlord  
  19  1:49  Drone  
  20  1:54  Queen  
  22  2:02  Zergling x2  
  22  2:07  Queen  
  22  2:08  Zergling x2  
  26  2:11  Drone  
  27  2:18  Roach Warren, Drone  
  27  2:25  Drone  
  28  2:30  Queen  
  28  2:31  Drone  
  28  2:36  Overlord  
  31  2:42  Drone  
  32  2:48  Drone  
  33  2:52  Drone  
  33  2:54  Drone  
  35  3:00  Drone  
  35  3:02  Overlord  
  35  3:05  Roach x2  
  40  3:11  Drone x2  
  42  3:17  Drone, Overlord  
  44  3:20  Drone  
  44  3:24  Drone x2  
  46  3:30  Drone  
  46  3:32  Lair  
  47  3:41  Extractor  
  47  3:42  Extractor  
  47  3:43  Drone x4, Extractor  
  48  3:49  Drone  
  48  3:50  Drone x3  
  48  3:55  Drone  
  53  3:56  Roach  
  57  4:02  Roach  
  57  4:12  Evolution Chamber x2  
  57  4:14  Spore Crawler x2  
  57  4:15  Drone x3  
  56  4:19  Drone x3  
  55  4:32  Drone x4  
  55  4:37  Ravager  
  60  4:38  Zerg Missile Weapons Level 1  
  60  4:39  Zerg Ground Armor Level 1  
  60  4:47  Infestation Pit  
  60  4:48  Drone  
  60  4:58  Overseer  
  58  5:00  Drone x2  
  58  5:04  Overlord  
  58  5:10  Drone x2  
  58  5:13  Overlord  
  55  5:29  Drone  
  55  5:30  Drone x6  
  61  5:52  Overlord  
  61  5:56  Hatchery  
  60  5:57  Overlord  
  60  6:01  Drone x2  
  60  6:02  Overlord  
  62  6:07  Infestor x2  
  66  6:12  Overlord  
  66  6:13  Infestor  
  68  6:19  Overlord  
  68  6:23  Roach x3  
  72  6:34  Drone  
  72  6:35  Drone x3  
  72  6:39  Zerg Missile Weapons Level 2  
  75  6:43  Drone x4  
  79  6:57  Drone x5  
  84  7:07  Overlord  
  84  7:13  Roach  
  84  7:14  Drone, Roach  
  84  7:15  Drone x2  
  90  7:18  Spore Crawler  
  89  7:32  Drone x8  
  89  7:36  Extractor  
  96  7:37  Extractor  
  96  7:43  Drone x5  
  100  7:54  Overlord x2  
  100  7:55  Roach  
  100  7:57  Ravager x3  
  105  8:04  Hatchery, Roach  
  105  8:05  Roach x2  
  110  8:09  Roach x6  
  122  8:14  Roach x3  
  122  8:15  Roach  
  132  8:20  Roach x2  
  132  8:24  Roach  
  136  8:31  Roach x2  
  138  8:36  Roach  
  138  8:37  Roach x3  
Tags
 
Add a new tag
Caveats
  • Supply blocks, unpowered buildings, or Contaminate may cause inaccurate times.
  • Supply counts are checked every 10 seconds.